Map: Blackpink LE

Players

axu - Winner!

  • Race: Protoss Protoss
  • League: Platinum
  • Spawn Location: 7:00

Varoufakis

  • Race: Zerg Zerg
  • League: Diamond
  • Spawn Location: 1:00

VOD

Have the link to the VOD?

Description

Time

  • Played on: March 22, 2018, 12:21 p.m.
  • Length: 34:52
Show
View Real Time Build Order
Export as new Build Order

axu Protoss - Winner!

Build Orders:  

Get SALT Encoding   

  12  0:01  Probe  
  13  0:14  Probe  
  14  0:24  Pylon  
  14  0:27  Probe  
  15  0:30  Pylon  
  15  0:48  Probe  
  16  0:51  Gateway  
  16  1:01  Probe (Chrono Boost)  
  17  1:07  Assimilator  
  18  1:13  Probe (Chrono Boost)  
  18  1:17  Probe (Chrono Boost)  
  19  1:34  Gateway  
  18  1:44  Probe  
  19  1:50  Zealot (Chrono Boost), Cybernetics Core  
  21  1:55  Pylon  
  21  1:57  Probe  
  22  2:14  Pylon  
  22  2:17  Zealot  
  24  2:28  Adept  
  26  2:35  Forge  
  26  2:36  Probe  
  27  2:42  Assimilator  
  27  2:48  Probe  
  27  2:49  Adept  
  29  2:53  Shield Battery  
  29  3:00  Probe  
  30  3:12  Adept (Chrono Boost)  
  28  3:25  Zealot (Chrono Boost)  
  30  3:27  Protoss Ground Weapons Level 1  
  30  3:29  Probe  
  31  3:34  Warp Gate  
  31  3:41  Probe  
  32  3:53  Probe  
  32  4:05  Probe  
  32  4:08  Adept  
  37  4:10  Adept  
  37  4:17  Probe  
  39  4:31  Probe  
  39  4:38  Pylon  
  39  4:56  Probe  
  39  4:57  Gateway  
  39  4:59  Gateway  
  40  5:01  Stargate  
  40  5:08  Probe  
  40  5:11  Nexus  
  41  5:15  Pylon  
  41  5:33  Protoss Ground Armor Level 1  
  41  5:45  Probe  
  43  5:57  Probe  
  43  5:59  Adept  
  43  6:00  Adept  
  47  6:04  Pylon  
  47  6:09  Pylon  
  47  6:22  Probe  
  40  6:34  Probe  
  40  6:35  Oracle  
  44  6:42  Robotics Facility  
  44  6:45  Probe  
  44  6:46  Assimilator, Probe  
  46  6:48  Assimilator  
  46  6:52  Zealot x3  
  46  6:53  Zealot  
  54  6:57  Probe  
  54  6:58  Probe  
  54  7:09  Twilight Council, Probe  
  54  7:12  Oracle  
  58  7:17  Probe (Chrono Boost)  
  58  7:21  Probe (Chrono Boost)  
  60  7:29  Probe (Chrono Boost)  
  61  7:30  Stalker x2  
  61  7:31  Protoss Shields Level 1 (Chrono Boost), Stalker x2  
  61  7:33  Probe (Chrono Boost)  
  61  7:36  Immortal (Chrono Boost)  
  70  7:43  Probe x2  
  76  7:55  Probe  
  77  8:33  Immortal (Chrono Boost)  
  78  9:05  Pylon  
  78  9:07  Pylon  
  78  9:10  Charge (Chrono Boost)  
  78  9:12  Pylon  
  78  9:13  Pylon  
  78  9:16  Pylon  
  78  9:23  Immortal (Chrono Boost)  
  82  9:32  Zealot  
  82  9:33  Zealot x3  
  90  9:53  Observer (Chrono Boost)  
  91  10:01  Nexus  
  91  10:09  Nexus  
  83  10:32  Zealot x4  
  81  10:48  Immortal  
  81  10:51  Shield Battery  
  81  10:53  Zealot  
  81  10:54  Shield Battery  
  81  10:56  Shield Battery  
  81  11:00  Zealot  
  81  11:01  Zealot x2  
  87  11:14  Protoss Ground Weapons Level 2 (Chrono Boost)  
  87  11:22  Probe  
  87  11:23  Probe  
  87  11:24  Probe  
  90  11:33  Templar Archives  
  90  11:35  Probe  
  90  11:36  Probe x2  
  90  11:37  Immortal  
  97  11:47  Probe  
  98  11:48  Probe  
  98  11:51  Gateway  
  98  11:53  Gateway  
  98  11:59  Probe  
  98  12:00  Probe x3  
  102  12:04  Assimilator  
  102  12:06  Assimilator  
  102  12:10  High Templar x4  
  102  12:11  Probe  
  102  12:12  Probe x3  
  114  12:15  Pylon  
  114  12:16  Observer  
  114  12:20  Archon  
  114  12:21  Archon  
  107  12:23  Probe  
  107  12:24  Probe x2  
  107  12:25  Probe  
  111  12:41  Nexus  
  109  12:45  Psionic Storm, Shield Battery  
  109  12:47  Shield Battery  
  109  12:48  Photon Cannon  
  109  12:50  Photon Cannon  
  109  12:52  Pylon  
  109  12:55  Probe x3  
  112  13:07  Probe x3  
  112  13:09  Resonating Glaives  
  115  13:14  Gateway  
  115  13:15  Gateway  
  115  13:19  Gateway, Probe x3  
  118  13:35  Zealot  
  118  13:40  Immortal  
  124  13:42  High Templar x5  
  124  13:45  Protoss Ground Weapons Level 3 (Chrono Boost)  
  134  13:56  Probe  
  134  13:57  Probe x3  
  138  14:07  Pylon  
  138  14:08  Probe  
  138  14:09  Pylon, Probe x3  
  142  14:11  Assimilator  
  142  14:12  Pylon  
  142  14:14  Assimilator  
  142  14:18  Gateway  
  142  14:19  Gateway  
  142  14:21  Probe  
  142  14:22  Gateway  
  143  14:27  Warp Prism  
  143  14:30  Robotics Facility  
  145  14:35  Forge  
  145  14:42  Probe x4  
  149  14:52  High Templar x6  
  161  14:53  High Templar x2  
  161  14:54  Probe  
  161  14:55  High Templar  
  161  14:57  Archon x4  
  168  15:02  Photon Cannon  
  168  15:05  Photon Cannon  
  168  15:07  Photon Cannon  
  168  15:10  Photon Cannon  
  168  15:13  Photon Cannon  
  168  15:15  Pylon  
  168  15:18  Pylon  
  168  15:31  Probe x4  
  172  15:36  Protoss Shields Level 2 (Chrono Boost)  
  172  15:43  Probe x4  
  170  16:13  Protoss Ground Armor Level 2  
  170  16:21  Observer  
  170  16:31  Zealot x5  
  170  16:32  Zealot x4  
  158  16:57  Zealot x6  
  158  16:58  Zealot x3  
  170  17:17  Observer  
  170  17:22  Observer  
  172  17:24  High Templar x2  
  172  17:25  High Templar x6  
  172  17:29  Archon x3  
  188  17:30  Archon  
  188  17:39  Observer  
  186  17:45  Pylon  
  186  17:47  Pylon  
  186  17:48  Gateway  
  186  17:49  Gateway  
  186  17:57  Stalker  
  188  18:16  Stalker x4  
  188  18:17  Stalker  
  167  18:54  Nexus  
  160  19:04  Nexus  
  108  20:26  Pylon  
  108  20:29  Pylon  
  108  20:31  Pylon  
  108  20:33  Pylon  
  108  20:37  Pylon  
  108  20:38  Pylon  
  106  21:16  Nexus  
  106  21:18  Pylon  
  106  21:21  Pylon  
  106  21:24  Pylon  
  100  21:53  Cybernetics Core  
  100  21:55  Gateway  
  100  21:57  Gateway  
  98  22:58  Robotics Facility  
  98  23:01  Probe  
  99  23:14  Probe  
  100  23:24  Probe  
  100  23:26  Probe  
  102  23:29  Probe  
  103  23:36  Probe  
  103  23:38  Probe  
  105  23:41  Probe  
  105  23:48  Probe  
  107  23:50  Probe  
  107  23:52  Gateway  
  107  23:53  Gateway, Probe  
  109  23:55  Gateway  
  109  23:57  Gateway  
  109  23:59  Observer (Chrono Boost)  
  109  24:00  Gateway, Probe  
  109  24:02  Gateway, Probe  
  112  24:05  Probe  
  113  24:12  Probe  
  113  24:13  Observer (Chrono Boost)  
  114  24:32  Observer  
  114  24:37  Forge  
  115  24:54  Observer  
  115  25:01  Probe x2  
  117  25:23  Probe  
  117  25:26  Pylon  
  117  25:30  Pylon  
  117  25:32  Pylon  
  117  25:36  Pylon  
  117  25:38  Pylon  
  117  25:44  Observer, Probe x3  
  117  25:45  Zealot  
  117  25:46  Zealot  
  117  25:48  Zealot x4  
  133  25:56  Probe x3  
  134  26:06  Observer  
  134  26:08  Probe x2  
  127  26:27  Observer  
  127  26:28  Zealot x3  
  127  26:29  Zealot x3  
  140  26:48  Immortal  
  140  26:50  Pylon  
  140  26:51  Probe x3  
  140  26:52  Stargate  
  147  26:54  Stargate  
  147  26:57  Assimilator  
  147  27:01  Assimilator  
  147  27:03  Probe x2  
  147  27:04  Probe  
  147  27:06  Assimilator  
  150  27:10  Assimilator  
  150  27:15  Assimilator, Probe x2  
  150  27:16  Probe  
  150  27:17  Assimilator  
  153  27:28  Immortal  
  153  27:29  Probe x2  
  160  27:30  Probe  
  160  27:41  Probe  
  160  27:42  Probe  
  162  27:49  Pylon  
  162  27:50  Pylon  
  162  27:53  Pylon  
  162  27:55  Fleet Beacon, Pylon  
  162  28:06  Void Ray x2 (Chrono Boost)  
  150  28:21  Zealot x3  
  150  28:22  Zealot x2  
  150  28:23  Stalker x2  
  157  28:39  Probe x3  
  158  28:46  Void Ray x2 (Chrono Boost)  
  158  28:47  Pylon  
  156  28:50  Pylon  
  156  28:51  Probe x2  
  156  28:52  Probe  
  167  29:22  Void Ray x2  
  174  29:34  Photon Cannon  
  174  29:36  Photon Cannon  
  174  29:42  Photon Cannon  
  168  29:54  Probe x2  
  168  29:55  Probe  
  166  30:04  Void Ray (Chrono Boost)  
  166  30:06  Probe x2  
  166  30:07  Probe  
  171  30:09  Stalker  
  171  30:10  Stalker x5  
  171  30:11  Stalker  
  185  30:18  Probe  
  185  30:19  Carrier (Chrono Boost), Probe x2  
  194  30:30  Probe  
  194  30:31  Stargate x2  
  190  31:31  Graviton Catapult (Chrono Boost)  
  190  31:36  Carrier (Chrono Boost)  
  196  32:21  Twilight Council  
  182  33:48  Templar Archives  
Show
View Real Time Build Order
Export as new Build Order

Varoufakis Zerg 

Build Orders: Pool First 

Get SALT Encoding   

  12  0:01  Drone  
  13  0:08  Drone  
  14  0:18  Drone, Extractor  
  14  0:20  Extractor  
  14  0:21  Drone  
  14  0:27  Overlord  
  16  0:45  Spawning Pool  
  16  0:47  Drone  
  16  0:51  Drone  
  17  1:01  Drone  
  18  1:18  Hatchery  
  17  1:28  Drone x3  
  20  1:35  Queen  
  22  1:46  Overlord  
  22  2:19  Zergling x6  
  25  2:31  Zergling x2  
  25  2:34  Spine Crawler  
  25  2:35  Queen  
  27  2:54  Zergling x2  
  27  2:55  Zergling x2  
  29  2:59  Spine Crawler  
  29  3:01  Spine Crawler  
  25  3:13  Hatchery  
  25  3:17  Zergling x4  
  21  3:32  Drone x5  
  21  3:33  Extractor  
  25  3:42  Drone  
  25  3:43  Extractor  
  25  3:44  Drone x2  
  25  4:01  Zergling x4  
  26  4:04  Spine Crawler  
  27  4:11  Drone x3  
  27  4:26  Zergling x2  
  27  4:30  Drone  
  28  4:33  Overlord x2  
  28  4:36  Metabolic Boost  
  28  4:40  Roach Warren  
  27  4:52  Drone x2  
  28  4:58  Spine Crawler  
  28  4:59  Drone x6  
  33  5:10  Drone  
  33  5:11  Drone x2  
  36  5:26  Drone x4  
  36  5:27  Queen  
  42  5:30  Drone  
  43  5:45  Drone  
  43  5:46  Drone  
  43  5:49  Extractor  
  44  5:55  Roach  
  44  5:56  Roach x3  
  51  6:04  Burrow  
  51  6:07  Overlord  
  51  6:13  Spine Crawler  
  50  6:24  Queen  
  51  6:33  Zergling x2  
  51  6:34  Roach x4  
  51  6:35  Overlord x3  
  60  7:03  Hatchery  
  60  7:08  Drone x4  
  63  7:14  Queen  
  65  7:18  Evolution Chamber  
  65  7:22  Evolution Chamber  
  63  7:24  Overlord x2  
  63  7:25  Roach, Zergling x6  
  63  7:26  Roach  
  70  7:37  Extractor  
  70  7:42  Spore Crawler  
  68  7:46  Drone  
  68  7:47  Drone x3  
  68  7:49  Zerg Ground Armor Level 1, Zerg Melee Weapons Level 1  
  72  7:53  Lair  
  72  7:55  Spore Crawler  
  71  8:00  Ravager x2  
  73  8:06  Drone x3  
  73  8:07  Drone  
  77  8:22  Drone  
  77  8:24  Spine Crawler  
  76  8:45  Zergling x4  
  76  8:46  Roach x6  
  76  8:47  Roach x3  
  96  8:50  Spore Crawler  
  95  8:56  Spore Crawler  
  94  9:09  Drone x4, Hydralisk Den  
  97  9:11  Drone  
  97  9:14  Overlord x3  
  98  9:32  Queen  
  98  9:38  Pneumatized Carapace  
  100  9:39  Hydralisk x5  
  100  9:43  Roach, Ravager x5  
  115  9:49  Grooved Spines  
  115  9:56  Zerg Missile Weapons Level 1  
  115  9:59  Extractor  
  114  10:00  Extractor  
  101  10:26  Hydralisk x3  
  101  10:27  Roach, Hydralisk x3  
  101  10:28  Roach x3  
  99  11:06  Zergling x2  
  99  11:07  Zergling x4  
  98  11:13  Glial Reconstitution, Muscular Augments  
  98  11:18  Roach  
  98  11:23  Hatchery  
  97  11:27  Hydralisk x10  
  97  11:32  Roach x4  
  97  11:35  Roach x3  
  98  11:40  Drone x5  
  98  11:46  Spire  
  101  12:05  Overlord x4, Hydralisk x8  
  109  12:24  Zerg Melee Weapons Level 2  
  109  12:32  Tunneling Claws  
  108  12:49  Roach x6  
  108  12:50  Roach x6  
  108  12:51  Roach  
  134  12:55  Zerg Missile Weapons Level 2  
  134  13:00  Overseer  
  134  13:04  Drone x7  
  140  13:30  Lurker Den  
  138  13:38  Mutalisk x3, Corruptor  
  146  13:46  Drone  
  146  13:47  Drone x4  
  151  13:56  Extractor  
  151  13:57  Extractor  
  151  14:01  Spine Crawler  
  151  14:02  Spine Crawler  
  147  14:03  Drone x14, Spine Crawler  
  147  14:09  Overlord x3  
  160  14:21  Overseer  
  160  14:23  Roach x13  
  160  14:38  Zerg Flyer Weapons Level 1  
  160  14:44  Ravager x11  
  171  15:12  Hatchery x2, Ravager x5  
  174  15:19  Lurker x3  
  177  15:22  Drone x6  
  183  15:35  Spine Crawler  
  180  16:12  Zerg Ground Armor Level 2  
  180  16:30  Overlord x6, Roach x2  
  180  16:31  Overlord x5  
  156  16:51  Drone x3  
  124  16:54  Spore Crawler  
  124  16:57  Spine Crawler  
  124  16:58  Spine Crawler  
  124  16:59  Spine Crawler, Hydralisk  
  124  17:00  Hydralisk x19  
  158  17:01  Spine Crawler  
  128  17:29  Zergling x32  
  138  17:46  Spine Crawler  
  138  17:50  Spine Crawler  
  138  17:51  Drone x2  
  137  17:52  Spine Crawler  
  137  17:53  Spine Crawler  
  136  18:01  Lurker x8  
  144  18:09  Roach  
  144  18:10  Roach x12  
  133  18:47  Mutalisk x6  
  133  18:48  Mutalisk x6  
  139  18:57  Spire  
  109  19:20  Extractor  
  109  19:21  Spore Crawler, Extractor  
  95  19:37  Zerg Flyer Armor Level 1  
  93  19:51  Drone x3  
  89  20:10  Roach  
  87  20:25  Spawning Pool, Mutalisk  
  87  20:26  Mutalisk x2  
  90  21:03  Mutalisk  
  90  21:04  Mutalisk x5  
  90  21:07  Roach x4  
  96  22:03  Zergling x6  
  99  22:14  Drone x3  
  102  22:19  Spine Crawler  
  102  22:22  Spine Crawler  
  100  22:25  Spine Crawler  
  100  22:27  Spine Crawler  
  93  22:54  Lair  
  93  22:56  Drone x3  
  96  23:10  Hatchery  
  85  23:19  Drone  
  83  23:20  Drone x2  
  83  23:25  Mutalisk x3  
  83  23:26  Hatchery  
  90  23:59  Hatchery  
  89  24:41  Mutalisk x3  
  89  24:43  Mutalisk x3  
  101  24:45  Zerg Flyer Weapons Level 2  
  95  25:09  Drone x3  
  95  25:14  Queen  
  98  25:15  Queen  
  98  25:16  Drone x3  
  98  25:17  Queen  
  98  25:18  Drone x3  
  110  25:22  Drone  
  110  25:23  Drone x5  
  110  25:26  Queen  
  118  25:55  Drone  
  118  25:56  Drone x2, Extractor  
  118  25:57  Extractor  
  119  25:59  Queen  
  119  26:02  Overseer x5  
  121  26:35  Queen  
  121  26:37  Drone x6  
  121  26:38  Drone  
  121  26:39  Drone x4  
  134  26:44  Infestation Pit  
  133  26:48  Spine Crawler  
  133  26:49  Spine Crawler  
  131  26:55  Drone x6  
  131  27:00  Queen  
  139  27:01  Zerg Flyer Armor Level 2  
  139  27:03  Drone x2  
  139  27:05  Drone  
  139  27:07  Overlord x2  
  142  27:10  Overlord x5  
  142  27:25  Queen  
  144  27:32  Pathogen Glands  
  144  27:35  Queen  
  146  27:52  Swarm Host x4  
  146  27:53  Zergling x6  
  146  27:54  Zergling x28  
  175  28:05  Extractor x2  
  173  28:07  Extractor  
  173  28:09  Extractor  
  107  28:41  Mutalisk x3  
  107  28:42  Mutalisk x9  
  131  28:51  Hive  
  116  29:03  Spine Crawler  
  116  29:05  Spine Crawler  
  116  29:07  Spine Crawler x2  
  116  29:08  Spine Crawler x2  
  116  29:09  Spine Crawler  
  109  29:10  Spine Crawler  
  109  29:15  Drone x3  
  109  29:30  Spore Crawler  
  102  29:31  Drone x6  
  102  29:33  Spore Crawler  
  101  29:56  Corruptor  
  101  29:57  Infestor x2  
  107  30:01  Drone x6  
  113  30:08  Spore Crawler  
  113  30:12  Spore Crawler  
  112  30:14  Drone x10  
  121  30:26  Drone x16  
  137  30:30  Infestor x3  
  137  30:31  Infestor  
  145  30:43  Overseer x2  
  118  31:12  Corruptor  
  118  31:13  Infestor, Corruptor x2  
  111  31:30  Infestor  
  111  31:31  Infestor x5  
  131  31:37  Drone  
  130  32:08  Spawning Pool  
  109  32:28  Swarm Host x3  
  115  32:55  Infestor x6  
  115  32:57  Spore Crawler  
  112  32:59  Spore Crawler x2  
  112  33:05  Spine Crawler  
  109  33:06  Spine Crawler  
  109  33:07  Spine Crawler  
  109  33:08  Spine Crawler  
  109  33:11  Spine Crawler  
  109  33:12  Spine Crawler  
Tags
 
Add a new tag
Caveats
  • Supply blocks, unpowered buildings, or Contaminate may cause inaccurate times.
  • Supply counts are checked every 10 seconds.